 Dungeon Crawl Stone Soup version 0.31-a0-986-g5e6e4ef867 (webtiles) character file.

Game seed: 2316934827561281131

54 gelatine the Magician (level 3, 0/26 HPs)
             Began as a Demonspawn Hedge Wizard on Nov 22, 2023.
             Slain by an iguana (9 damage)
             ... on level 3 of the Dungeon.
             The game lasted 00:04:36 (2201 turns).

gelatine the Magician (Demonspawn Hedge Wizard)     Turns: 2201, Time: 00:04:37

Health: 0/26       AC:  6    Str: 10    XL:     3   Next: 66%
Magic:  0/8        EV: 11    Int: 17    God:
Gold:   47         SH:  0    Dex: 12    Spells: 8/9 levels left

rFire   . . .        a - +0 dagger
rCold   . . .        (no shield)
rNeg    . . .        f - +3 leather armour
rPois   .            c - +0 hat
rElec   .            (no cloak)
rCorr   .            (no gloves)
SInv    .            (no boots)
Will    .....        (no amulet)
Stlth   ++           (no ring)
HPRegen 0.24/turn    (no ring)
MPRegen 0.11/turn

%: no passive effects
@: no status effects
A: horns 1, demonic guardian 1
a: no special abilities


You were on level 3 of the Dungeon.
You visited 1 branch of the dungeon, and saw 3 of its levels.

You collected 97 gold pieces.
You spent 50 gold pieces at shops.

Inventory:

Hand Weapons
 a - a +0 dagger (weapon)
Missiles
 g - a throwing net
Armour
 b - a +0 robe
 c - a +0 hat (worn)
 f - a +3 leather armour (worn)
Jewellery
 e - an amulet of faith
Scrolls
 h - a scroll of fear {unknown}
 i - a scroll of enchant armour {unknown}
Potions
 d - a potion of magic
 j - a potion of curing {unknown}
 k - a potion of cancellation {unknown}
 l - a potion of heal wounds
 m - a potion of haste {unknown}


   Skills:
 * Level 1.2 Fighting
 + Level 0.1 Short Blades
 * Level 0.2 Armour
 * Level 1.9 Dodging
 + Level 2.1 Stealth
 + Level 3.6 Spellcasting
 * Level 1.6 Conjurations
 + Level 1.0 Summonings
 + Level 0.8 Translocations


You had 8 spell levels left.
You knew the following spells:

 Your Spells              Type           Power      Damage    Failure   Level
a - Magic Dart            Conj           32%        1d4       12%         1

Your spell library contained the following spells:

 Spells                   Type           Power      Damage    Failure   Level
 Searing Ray              Conj           16%        2d5       17%         2
 Slow                     Hex            12%        N/A       22%         1
 Call Imp                 Summ           12%        N/A       22%         2
 Blink                    Tloc           12%        N/A       24%         2
 Cigotuvi's Dreadful Rot  Necr/Pois/Air  6%         N/A       34%         2
 Mephitic Cloud           Conj/Pois/Air  4%         N/A       47%         3
 Fulminant Prism          Conj/Hex       2%         3d5       85%         4


Dungeon Overview and Level Annotations

Branches:
Dungeon (3/15)

Altars:

Shops:
D:1 !   D:2 !


Innate Abilities, Weirdness & Mutations

You have a pair of small horns on your head.
A weak demonic guardian rushes to your aid.


Message History

The iguana is lightly wounded.
The ball python hisses angrily.
The magic dart hits the iguana.
The iguana is moderately wounded.
The magic dart hits the iguana.
The iguana is moderately wounded.
The magic dart hits the iguana but does no damage.
The iguana is moderately wounded.
The magic dart hits the iguana.
The iguana is heavily wounded.
The magic dart hits the iguana but does no damage.
The iguana is heavily wounded.
The iguana barely misses you. The ball python barely misses you. x2
The magic dart hits the iguana but does no damage.
The iguana is heavily wounded.
The ball python completely misses you. The ball python grabs you.
The ball python constricts you. The iguana closely misses you.
The ball python barely misses you. The ball python constricts you.
You are out of magic!
You escape the ball python's grasp.
The iguana bites you. The iguana attacks as it pursues you!
The iguana barely misses you.
The magic dart hits the iguana.
The iguana is heavily wounded.
You are out of magic!
You are out of magic!
You are out of magic!
You hit the iguana. Your headbutt misses the iguana.
The iguana is heavily wounded.
The iguana bites you.
You closely miss the iguana.
The iguana is heavily wounded.
The iguana barely misses you.
You hit the iguana.
The iguana is severely wounded.
The iguana bites you!
You hit the iguana.
The iguana is severely wounded.
The iguana bites you!
You die...

#.##...#... #.###
#.#........ ##....
#.......... ....##
#.......... ......
#.......^..........
#...........##.###
#S#.......#.## #
#l####.##.#.# #
#@## .....######
#..# #..........
##.# ##...#######
#.####....# #
###.#..).#.## #
#......###.## ##
#......# #..### #.
#......# ##.>.####.
#......# ###...#..


You could see an iguana and a ball python.

Vanquished Creatures
  An adder (D:3)
  4 ball pythons
  An endoplasm (D:1)
  2 giant cockroaches
  2 hobgoblins (D:3)
  2 quokkas
  3 bats
  2 frilled lizards (D:1)
  7 goblins
  5 kobolds
  7 rats
36 creatures vanquished.

Vanquished Creatures (collateral kills)
  An adder (D:2)
1 creature vanquished.

Grand Total: 37 creatures vanquished

Notes
Turn   | Place    | Note
-------+----------+-------------------------------------------
     0 | D:1      | gelatine the Demonspawn Hedge Wizard began the quest for
                  | the Orb.
     0 | D:1      | Reached XP level 1. HP: 13/13 MP: 4/4
   279 | D:1      | Found Ciazxos's Distillery.
   341 | D:1      | Gained mutation: A weak demonic guardian rushes to your
                  | aid. [demonic ancestry]
   341 | D:1      | Reached XP level 2. HP: 20/20 MP: 3/6
  1227 | D:2      | Gained mutation: You have a pair of small horns on your
                  | head. [demonic ancestry]
  1227 | D:2      | Reached XP level 3. HP: 17/25 MP: 8/8
  1688 | D:2      | Found Omotot's Distillery.
  1694 | D:2      | Bought a potion of heal wounds for 50 gold pieces
  1764 | D:2      | Found a faded altar of an unknown god.
  1804 | D:3      | Reached skill level 1 in Fighting
  2201 | D:3      | Slain by an iguana

Illustrated notes

Levels and vault maps discovered:
D:1:      minmay_arrival_diagonal_passages, layout_basic, serial_shops,
          nicolae_shop_stone
D:2:      layout_rooms, serial_shops, nicolae_shop_just_a_little_nook,
          chequers_ecumenical_altar_grove
D:3:      layout_rooms

Skill      XL: |  1  2  3 |
---------------+----------+-----
Stealth        | 2 |  2.1
Fighting       | 1 |  1.2
Short Blades   | |  0.1
Armour         | |  0.2
Dodging        | |  1.9
Spellcasting   | |  3.6
Conjurations   | |  1.6
Summonings     | |  1.0
Translocations | |  0.8

Action                     || total
---------------------------++-------
  Melee: Dagger            ||    60
         Punch             ||     1
         Headbutt          ||     2
   Cast: Magic Dart        ||    87
 Armour: Robe              ||     9
         Leather armour    ||    40
  Dodge: Dodged            ||    43

Table legend: (Time is in decaauts)
 A = Elapsed time spent in this place.
 B = Non-inter-level travel time spent in this place.
 C = Inter-level travel time spent in this place.
 D = Time resting spent in this place.
 E = Time spent auto-exploring this place.
 F = Levels seen in this place.
 G = Mean time per level.
                   A        B        C        D        E       F      G
               +--------+--------+--------+--------+--------+-----+--------+
         Total |   2201 |   2133 |     68 |      0 |   1802 |   3 |  733.7 |
       Dungeon |   2201 |   2133 |     68 |      0 |   1802 |   3 |  733.7 |
               +--------+--------+--------+--------+--------+-----+--------+

Top non-repeatable levels by time:
     D:1: 1151 daAuts
     D:2: 647 daAuts
     D:3: 402 daAuts
